 Dungeon Crawl Stone Soup version 0.16.1-30-g34a7ffa (webtiles) character file.

3404 Krapule the Carver (level 9, -4/82 HPs)
             Began as a Minotaur Gladiator on June 21, 2015.
             Was a Follower of Okawaru.
             Killed by divine providence
             ... invoked by an orc priest
              (12 damage)
             ... on level 8 of the Dungeon.
             The game lasted 00:22:35 (9351 turns).

Krapule the Carver (Minotaur Gladiator)             Turns: 9351, Time: 00:22:36

Health: -4/82      AC: 16    Str: 20    XL:     9   Next: 75%
Magic:  10/10      EV:  8    Int:  8    God:    Okawaru [*.....]
Gold:   507        SH:  0    Dex: 11    Spells: 0 memorised, 12 levels left

rFire  . . .     SeeInvis .     a - +1 great sword (freeze)
rCold  . . .     Clarity  .     n - +0 plate armour
rNeg   . . .     SustAb   +     (no shield)
rPois  .         Gourm    .     c - +0 hat
rElec  .         Spirit   .     p - +2 cloak {+Inv}
rCorr  .         Warding  .     (no gloves)
rMut   .         Stasis   .     (no boots)
MR     .....                    (no amulet)
Stlth  ..........               (no ring)
                                i - ring of sustain abilities

@: drained, not resistant to hostile enchantments, extremely unstealthy
A: retaliatory headbutt, horns 2
a: Heroism, Renounce Religion, Evoke Invisibility


You were on level 8 of the Dungeon.
You worshipped Okawaru.
Okawaru was aware of your devotion.
You were hungry.

You visited 2 branches of the dungeon, and saw 9 of its levels.

You collected 507 gold pieces.

Inventory:

Hand weapons
 a - a +1 great sword of freezing (weapon)
 b - a +0 falchion of holy wrath
Missiles
 d - 3 throwing nets (quivered)
Armour
 c - a +0 hat (worn)
 n - a +0 plate armour (worn)
 p - a +2 cloak of invisibility (worn)
Jewellery
 i - a ring of sustain abilities (left hand)
Magical devices
 x - a wand of polymorph (9)
 y - a wand of confusion (19)
 D - a wand of draining (3)
Scrolls
 e - 3 scrolls of random uselessness {unknown}
 j - 4 scrolls of teleportation {unknown}
 k - 2 scrolls of remove curse {unknown}
 m - 3 scrolls of immolation {unknown}
 o - 5 scrolls of identify {unknown}
 q - a scroll of enchant armour {unknown}
 s - 4 scrolls of noise {unknown}
 u - 2 scrolls of fog {unknown}
 A - a scroll of amnesia {unknown}
 F - 3 scrolls of recharging {unknown}
Potions
 g - a potion of mutation {unknown}
 h - 3 potions of invisibility {unknown}
 l - a potion of poison {unknown}
 r - 2 potions of heal wounds {unknown}
 t - a potion of degeneration {unknown}
 v - 3 potions of curing {unknown}
 B - a potion of resistance {unknown}
 C - a potion of might {unknown}
 E - 2 potions of berserk rage {unknown}
Comestibles
 f - 3 bread rations
 w - 4 meat rations
 z - 9 fruits
 G - 2 chunks of flesh


   Skills:
 + Level 8.9(8.1) Fighting
 - Level 9.0(8.2) Long Blades
 - Level 2.0(1.3) Throwing
 - Level 7.0(6.2) Armour
 + Level 8.3(7.6) Dodging
 + Level 2.1(1.5) Spellcasting


You had 12 spell levels left.
You didn't know any spells.

Dungeon Overview and Level Annotations

Branches:
Dungeon (8/15)             Temple (1/1) D:7
   Lair: D:8-11

Altars:
Ashenzari
Cheibriados
Dithmenos
Elyvilon
Fedhas
Gozag
Kikubaaqudgha
Makhleb
Okawaru
Qazlal
Ru
Sif Muna
Trog
Vehumet
Xom
Yredelemnul
Zin
The Shining One

Shops:
D:8 [


Innate Abilities, Weirdness & Mutations

You reflexively headbutt those who attack you in melee.
You have a pair of horns on your head.


Message History

The orc priest hits you but does no damage.
You feel drained.
The orc priest hits you but does no damage.
The orc priest hits you but does no damage.
You feel drained.
A hippogriff comes into view.
The hippogriff screeches!
The orc priest invokes the aid of Beogh against you.
Something smites you!
* * * LOW HITPOINT WARNING * * *
Found a blue potion.
The orc priest invokes the aid of Beogh against you.
Something smites you!
* * * LOW HITPOINT WARNING * * *
An iguana comes into view.
The iguana hisses angrily.
There is a stone staircase leading down here.
The orc priest invokes the aid of Beogh against you.
Something smites you!
You die...

#.............#....).......##.#.
#######....>..#####.###########.
#...........<.............
#.#............###########
#.#.#####......#. #....
#.#............'. .....
#.#######..(..##.. #....
#..............!... .....
#......#.@.....#.. #...#
#......#....H..l.. #...#
#........o....... #...#
#........o....... #...#
#...........##... #.
#...........# . . #.
#.......o...# ...####.
#...........# ...)....
#...........# ........


You could see a hippogriff, an orc warrior, an iguana and 2 orc priests.

Vanquished Creatures
  A troll (D:8)
  A wyvern (D:8)
  A hungry ghost (D:7)
  2 water moccasins (D:7)
  5 ogres
  A phantom (D:6)
  A sky beast (D:6)
  2 orc warriors
  2 centaurs (D:7)
  A big kobold (D:7)
  3 giant frogs
  2 scorpions
  4 wights (D:8)
  3 jellies
  2 crimson imps (D:6)
  A centaur zombie (D:7)
  A giant frog zombie (D:8)
  A quasit (D:8)
  A centaur skeleton (D:6)
  Crazy Yiuf (D:7)
  8 orc priests
  3 hounds
  2 worker ants (D:7)
  3 orc wizards
  A hound skeleton (D:5)
  8 adders
  4 gnolls (D:4)
  A shadow imp (D:8)
  4 giant mites
  2 worms (D:2)
  An adder zombie (D:7)
  3 adder skeletons
  2 oozes (D:1)
  37 orcs
  A ball python (D:3)
  2 bat skeletons (D:5)
  A giant cockroach (D:2)
  17 hobgoblins
  13 jackals
  16 kobolds
  A quokka (D:7)
  14 bats
  5 giant geckos
  8 giant newts
  13 goblins
  A quokka skeleton (D:4)
  15 rats
222 creatures vanquished.

Notes
Turn   | Place    | Note
--------------------------------------------------------------
     0 | D:1      | Krapule, the Minotaur Gladiator, began the quest for the Orb.
     0 | D:1      | Reached XP level 1. HP: 18/18 MP: 1/1
   128 | D:1      | Reached skill level 4 in Long Blades
   165 | D:1      | Reached XP level 2. HP: 20/25 MP: 1/1
   998 | D:2      | Reached XP level 3. HP: 27/31 MP: 2/2
  1254 | D:2      | Reached skill level 1 in Armour
  1474 | D:2      | Reached XP level 4. HP: 33/38 MP: 2/2
  2374 | D:3      | Reached skill level 5 in Long Blades
  2864 | D:4      | Noticed an ogre
  2872 | D:4      | Killed an ogre
  2872 | D:4      | Reached XP level 5. HP: 20/46 MP: 2/2
  3140 | D:4      | Noticed an ogre
  3146 | D:4      | Killed an ogre
  3146 | D:4      | Reached XP level 6. HP: 36/53 MP: 3/3
  3560 | D:4      | Reached skill level 6 in Long Blades
  3560 | D:4      | Reached skill level 5 in Dodging
  4229 | D:5      | Entered Level 5 of the Dungeon
  4251 | D:5      | Reached skill level 5 in Fighting
  4260 | D:5      | Reached XP level 7. HP: 26/61 MP: 3/3
  5240 | D:6      | Found a stormy altar of Qazlal.
  5579 | D:7      | Reached skill level 7 in Long Blades
  5884 | D:7      | Reached skill level 5 in Armour
  5884 | D:7      | Reached XP level 8. HP: 68/70 MP: 3/3
  7156 | D:7      | Reached skill level 8 in Long Blades
  7441 | D:7      | Reached XP level 9. HP: 74/79 MP: 4/4
  7687 | D:7      | Found a staircase to the Ecumenical Temple.
  7722 | Temple   | Entered the Ecumenical Temple
  7815 | Temple   | Became a worshipper of Warmaster Okawaru
  7879 | D:7      | Noticed Crazy Yiuf
  7884 | D:7      | Killed Crazy Yiuf
  8672 | D:8      | Acquired Okawaru's first power
  8672 | D:8      | Reached skill level 1 in Spellcasting
  8742 | D:8      | Reached skill level 9 in Long Blades
  9331 | D:8      | Found Erchaohal's Armour Shop.
  9351 | D:8      | Killed from afar by an orc priest

Action                   |  1- 3 |  4- 6 |  7- 9 || total
-------------------------+-------+-------+-------++-------
Melee: Long sword        |    97 |   171 |   324 ||   592
       Great sword       |       |       |    62 ||    62
       Falchion          |       |       |    29 ||    29
Evoke: Wand              |       |       |     4 ||     4
  Use: Potion            |       |       |     1 ||     1
  Eat: Chunk             |     2 |     8 |    11 ||    21
       Pizza             |       |       |     1 ||     1
       Beef jerky        |       |       |     3 ||     3
